 Dungeon Crawl Stone Soup version 0.22.1-1-ga44c0e56f4 (webtiles) character file.

284040 Peloso the Hoplite (level 19, -7/182 HPs)
             Began as a Minotaur Fighter on Sept 20, 2018.
             Was the Champion of Okawaru.
             Killed from afar by a deep elf sorcerer (17 damage)
             ... with a bolt of acid
             ... on level 3 of the Elven Halls on Sept 21, 2018.
             The game lasted 02:40:36 (47268 turns).

Peloso the Hoplite (Minotaur Fighter)              Turns: 47268, Time: 02:40:36

Health: -7/182     AC: 28    Str: 26    XL:     19   Next: 77%
Magic:  19/19      EV: 10    Int:  7    God:    Okawaru [******]
Gold:   4218       SH: 18    Dex: 13    Spells: 18/18 levels left

rFire    + . .     SeeInvis .   D - +3 double sword of Ibross {freeze, *Corrode rElec rPois Int+2}
rCold    + + .     Gourm    +   Q - +2 shield {rC+}
rNeg     . . .     Faith    .   R - +3 gold dragon scales
rPois    +         Spirit   .   n - +2 hat {MR+}
rElec    +         Reflect  .   C - +2 cloak
rCorr    +         Harm     .   w - +0 pair of gloves of Dice, Bag, and Bottle {rCorr}
MR       ++++.                  B - +1 pair of boots {Stlth+}
Stlth    ..........             g - amulet of the gourmand
HPRegen  0.40/turn              W - ring of protection from magic
MPRegen  0.16/turn              S - ring of protection from magic

@: corroded, very slightly contaminated, heavily drained
A: retaliatory headbutt, horns 2
}: 2/15 runes: barnacled, gossamer
a: Heroism, Finesse, Renounce Religion


You were on level 3 of the Elven Halls.
You worshipped Okawaru.
Okawaru was exalted by your worship.
You were completely stuffed.

You visited 7 branches of the dungeon, and saw 35 of its levels.
You visited the Abyss 1 time.
You visited 1 bazaar.
You also visited: Sewer.

You collected 4654 gold pieces.
You spent 436 gold pieces at shops.

Inventory:

Hand Weapons
 k - a +1 scimitar of flaming
 D - the +3 double sword of Ibross (weapon) {freeze, *Corrode rElec rPois Int+2}
   (Okawaru gifted it to you on level 5 of the Lair of Beasts)

   It has been specially enchanted to freeze those struck by it, causing extra
   injury to most foes and up to half again as much damage against particularly
   susceptible opponents.
   It can also slow down cold-blooded creatures.
   It affects your intelligence (+2).
   It insulates you from electricity.
   It protects you from poison.
   It may corrode you when you take damage.
Armour
 n - a +2 hat of magic resistance (worn)
 w - the +0 pair of gloves of Dice, Bag, and Bottle (worn) {rCorr}
   (Okawaru gifted it to you on level 5 of the Lair of Beasts)

   It provides partial protection from all sources of acid and corrosion.
 B - a +1 pair of boots of stealth (worn)
 C - a +2 cloak (worn)
 M - a +2 hat of see invisible
 Q - a +2 shield of cold resistance (worn)
 R - +3 gold dragon scales (worn)
Jewellery
 g - an amulet of the gourmand (around neck)
 q - an uncursed ring of ice
 r - an uncursed ring of positive energy
 v - an uncursed ring of flight
 G - an uncursed amulet of regeneration
 L - a +4 ring of slaying {unknown}
 S - a ring of protection from magic (right hand)
 W - a ring of protection from magic (left hand)
Wands
 j - a wand of flame (20)
 y - a wand of random effects (18)
 A - a wand of polymorph (11)
 E - a wand of digging (17)
 H - a wand of enslavement (10)
Scrolls
 e - 16 scrolls of remove curse
 i - 9 scrolls of identify
 l - 2 scrolls of fear
 o - 12 scrolls of teleportation
 s - 2 scrolls of blinking
 t - a scroll of amnesia
 u - 2 scrolls of fog
 J - 9 scrolls of magic mapping
 O - 2 scrolls of noise
 P - a scroll of enchant armour
Potions
 b - a potion of mutation
 d - 7 potions of curing
 h - 5 potions of agility
 m - 7 potions of haste
 p - 5 potions of might
 z - 3 potions of invisibility
 N - a potion of resistance
Miscellaneous
 a - a sack of spiders
 x - a lamp of fire
 I - a phantom mirror
Comestibles
 c - 4 chunks of flesh
 f - 53 rations


   Skills:
 + Level 19.1(16.3) Fighting
 + Level 20.4(17.6) Long Blades
 + Level 16.2(13.6) Armour
 + Level 11.5(9.2) Dodging
 + Level 3.0(1.2) Stealth
 + Level 22.6(19.6) Shields
 + Level 1.6(0.0) Invocations
 + Level 1.3(0.0) Evocations


You had 18 spell levels left.
You didn't know any spells.
Your spell library contained the following spells:

 Spells                   Type           Power        Failure   Level  Hunger
 Apportation              Tloc           #.....       100%        1    ##.....
 Beastly Appendage        Tmut           #.....       100%        1    ##.....
 Confusing Touch          Hex            #.....       100%        1    ##.....
 Magic Dart               Conj           #...         100%        1    ##.....
 Summon Butterflies       Summ           #.......     100%        1    ##.....
 Summon Small Mammal      Summ           #...         100%        1    ##.....
 Blink                    Tloc           N/A          100%        2    ###....
 Call Imp                 Summ           #.......     100%        2    ###....
 Poisonous Vapours        Pois/Air       #.....       100%        2    ###....
 Slow                     Hex            #.......     100%        2    ###....
 Sticks to Snakes         Tmut           #.......     100%        2    ###....
 Call Canine Familiar     Summ           #.......     100%        3    ####...
 Confuse                  Hex            #.......     100%        3    ####...
 Conjure Flame            Conj/Fire      #.......     100%        3    ####...
 Gell's Gravitas          Tloc           #.........   100%        3    ####...
 Lesser Beckoning         Tloc           #.........   100%        3    ####...
 Mephitic Cloud           Conj/Pois/Air  #.......     100%        3    ####...
 Recall                   Summ/Tloc      N/A          100%        3    ####...
 Spider Form              Tmut/Pois      #.........   100%        3    ####...
 Tukima's Dance           Hex            #.......     100%        3    ####...
 Cause Fear               Hex            #.........   100%        4    #####..
 Ice Form                 Ice/Tmut       #.......     100%        4    #####..
 Petrify                  Tmut/Erth      #.......     100%        4    #####..
 Summon Ice Beast         Ice/Summ       #.......     100%        4    #####..
 Summon Lightning Spire   Summ/Air       #.......     100%        4    #####..
 Alistair's Intoxication  Tmut/Pois      #.......     100%        5    ######.
 Aura of Abjuration       Summ           #.........   100%        5    ######.
 Blade Hands              Tmut           #.........   100%        5    ######.
 Irradiate                Conj/Tmut      #.........   100%        5    ######.
 Metabolic Englaciation   Hex/Ice        #.........   100%        5    ######.
 Silence                  Hex/Air        #.........   100%        5    ######.
 Summon Demon             Summ           #.........   100%        5    ######.
 Summon Forest            Summ/Tloc      #.........   100%        5    ######.
 Summon Mana Viper        Hex/Summ       #.......     100%        5    ######.
 Yara's Violent Unravell  Hex/Tmut       #.........   100%        5    ######.
 Bolt of Cold             Conj/Ice       #.........   100%        6    #######
 Conjure Ball Lightning   Conj/Air       #.........   100%        6    #######
 Deflect Missiles         Chrm/Air       #.........   100%        6    #######
 Freezing Cloud           Conj/Ice/Air   #.........   100%        6    #######
 Invisibility             Hex            #.......     100%        6    #######
 Ozocubu's Refrigeration  Ice            #.........   100%        6    #######
 Shadow Creatures         Summ           N/A          100%        6    #######
 Simulacrum               Ice/Necr       #.........   100%        6    #######
 Statue Form              Tmut/Erth      #........    100%        6    #######
 Ring of Flames           Chrm/Fire      #.........   100%        7    #######
 Summon Hydra             Summ           #.........   100%        7    #######
 Discord                  Hex            #.........   100%        8    #######
 Dragon's Call            Summ           #.........   100%        9    #######
 Tornado                  Air            #.........   100%        9    #######


Dungeon Overview and Level Annotations

Branches:
Dungeon (15/15)            Temple (1/1) D:4            Lair (6/6) D:8
 Shoals (4/4) Lair:3       Spider (4/4) Lair:4        Slime (0/5) Lair:5
    Orc (2/2) D:10            Elf (3/3) Orc:2        Vaults (0/5) D:13
 Depths (0/5) D:15

Altars:
Dithmenos
Elyvilon
Fedhas
Gozag
Hepliaklqana
Kikubaaqudgha
Makhleb
Nemelex Xobeh
Okawaru
Qazlal
Ru
Sif Muna
Trog
Uskayaw
Vehumet
Wu Jian
Xom
Zin
The Shining One
Beogh
Jiyva

Shops:
D:6 [   D:9 ?   D:10 =   D:15 *:!=   Orc:2 *[(*   Elf:3 %   Shoals:2 =
Shoals:4 =*[}

Annotations:
Lair:3 1 runed door, Blejac999's ghost, journeyman HaHu
Lair:5 1 exclusion


Innate Abilities, Weirdness & Mutations

You reflexively headbutt those who attack you in melee.
You have a pair of horns on your head.


Message History

* * * LOW HITPOINT WARNING * * *
The bolt of negative energy hits the large abomination.
The large abomination completely resists.
You block the large abomination's attack.
You barely miss the ghostly deep elf death mage.
The ghostly deep elf death mage is almost destroyed.
The deep elf sorcerer hits you but does no damage.
The deep elf high priest utters a dark prayer and points at you.
Your life force is offered up.
* * * LOW HITPOINT WARNING * * *
The deep elf sorcerer is healed.
The ghostly deep elf death mage is healed.
Blink to where?
Press: ? - help, Dir - move target cursor You are very lightly contaminated with residual magic.
As you read the scroll of blinking, it crumbles to dust.
The deep elf sorcerer seems less brilliant.
The deep elf sorcerer casts a spell at you.
The bolt of acid hits you! You resist.
You die...

.....#####..##.# #.###.##.# #<
....## #..##.# #........# ##
...## #..##.# #####.#### # [.##
#.....# ######.# (## ####.##
##......# '## #.# #....)..# #
(.## #.# #.......# ## ...##
######.####.......# ##. ....##
#...e....@........## ##..
.....###e#.....###.##.....####...
.†ee.'...#.###.###...........'...
(.§e.##..)## ##.##.####...####...
..X.####..# #.##.......## ##..
.....##...# ##.#.#####.# ##.
.......#..# #.##.# #.# ##
'#.###.#).## ##.##.# #.# # ).##
###.#.###.###.# #.#


You could see a deep elf sorcerer.

Vanquished Creatures
  Arachne (Spider:4)
  Asterion (Spider:4)
  Polyphemus (Shoals:3)
  2 deep elf master archers (Elf:3)
  Roxanne (D:14)
  Frances (Shoals:1)
  Donald (Elf:1)
  Ilsuiw (Shoals:3)
  A fire giant (D:9)
  3 orc warlords
  3 deep elf sorcerers (Elf:3)
  3 ghost moths (Spider:4)
  2 emperor scorpions (Spider:4)
  5 deep elf elementalists (Elf:3)
  The ghost of Afenn the Spear-Bearer, a journeyman MfSk of Okawaru (Lair:6)
  An entropy weaver (Spider:2)
  Azrael (Spider:2)
  5 deep elf demonologists
  Nessos (D:14)
  6 deep elf annihilators (Elf:3)
  3 spark wasps (Spider:4)
  6 merfolk javelineers
  5 merfolk impalers
  2 fire dragons (D:15)
  10 deep elf high priests
  7 hydras
  A rakshasa (D:14)
  A centaur warrior (D:15)
  2 catoblepae
  Erica (D:10)
  8 merfolk aquamancers
  2 merfolk avatars
  34 dancing weapons
  A two-headed ogre (D:13)
  2 alligator snapping turtles
  20 death yaks
  An orc high priest (Orc:2)
  3 tengu warriors (D:15)
  16 deep elf knights
  Urug (Lair:6)
  A fire crab (Lair:6)
  8 sea snakes
  4 unseen horrors
  A large abomination (Abyss:4)
  4 skeletal warriors (D:15)
  Pikel (D:7)
  11 deep elf archers
  2 orc knights
  20 wolf spiders
  7 harpies
  2 wolf spider zombies (D:15)
  15 orb spiders
  5 orc sorcerers
  58 deep elf magi
  13 manticores
  11 fauns
  7 cyclopes
  13 ugly things
  2 moths of wrath
  A salamander (shapeshifter) (Elf:3)
  10 merfolk sirens
  12 elephants
  A torpor snail (Lair:2)
  3 black mambas
  8 water nymphs
  27 spiny frogs
  5 centaur skeletons
  A gargoyle (D:11)
  8 komodo dragons
  6 yaktaurs
  A small abomination (Elf:3)
  2 rime drakes
  16 demonic crawlers
  3 meliai (D:14)
  34 merfolk
  A jumping spider (shapeshifter) (Elf:1)
  28 jumping spiders
  5 wind drakes
  A tengu conjurer (D:15)
  6 trolls
  Grinder (D:3)
  16 hornets
  4 tyrant leeches (Lair:6)
  10 hippogriffs
  2 polar bears
  A meliai zombie (D:13)
  25 blink frogs
  5 slime creatures (D:13)
  13 snapping turtles
  8 dream sheep
  42 redbacks
  Sigmund (D:5)
  A spriggan (shapeshifter) (D:13)
  A shadow (D:15)
  24 tarantellas
  A centaur simulacrum (D:14)
  A spriggan (D:9)
  A tarantella (shapeshifter) (D:15)
  2 air elementals
  2 wyverns
  2 wraiths (D:15)
  3 fire elementals
  A basilisk (shapeshifter) (D:14)
  57 yaks
  A hungry ghost (D:8)
  25 water elementals
  4 basilisks
  11 vampire mosquitoes
  4 wargs
  2 acid dragons
  3 soldier ants
  12 porcupines
  14 water moccasins
  6 ice beasts
  4 hell hounds
  2 black bears
  4 sky beasts
  41 orc warriors
  5 boggarts
  2 necrophages
  9 ogres
  17 wolves
  A boggart (shapeshifter) (Elf:2)
  15 centaurs
  23 crocodiles
  24 bullfrogs
  3 big kobolds
  A gnoll sergeant (D:9)
  4 earth elementals
  A wyvern zombie (D:13)
  2 wyvern skeletons (D:12)
  2 scorpions
  5 killer bees (D:8)
  8 wights
  4 electric eels
  A vampire bat (Lair:2)
  6 howler monkeys
  5 crimson imps
  2 bullfrog zombies
  A quasit (D:10)
  4 centaur zombies
  12 hounds
  A bullfrog skeleton (D:13)
  3 jellies
  25 orc priests
  Crazy Yiuf (D:2)
  32 orc wizards
  Ijyb (D:5)
  A gnoll shaman (Orc:1)
  2 hell rats (D:8)
  11 iguanas
  12 worker ants
  A hound skeleton (D:6)
  A howler monkey zombie (D:8)
  6 gnolls
  A river rat (D:8)
  23 adders
  2 shadow imps
  2 white imps (D:8)
  A howler monkey simulacrum (D:8)
  2 ufetubi (D:8)
  15 oozes
  A worm (D:2)
  4 dart slugs
  An adder simulacrum (D:8)
  23 leopard geckos
  118 orcs
  19 ball pythons
  16 bats
  11 giant cockroaches
  5 goblins
  9 hobgoblins
  20 jackals
  2 quokkas
  22 frilled lizards
  A jackal skeleton (D:5)
  22 kobolds
  A leopard gecko simulacrum (D:8)
  A leopard gecko zombie (D:5)
  A quokka skeleton (D:6)
  14 rats
  10 plants
1489 creatures vanquished.

Vanquished Creatures (others)
  A tengu reaver (D:9)
  3 deep elf knights
  A redback (Spider:3)
  2 orcs
  3 bushes
  21 fungi
  40 plants
71 creatures vanquished.

Grand Total: 1560 creatures vanquished

Notes
Turn   | Place    | Note
-------+----------+-------------------------------------------
     0 | D:1      | Peloso the Minotaur Fighter began the quest for the Orb.
     0 | D:1      | Reached XP level 1. HP: 19/19 MP: 0/0
   106 | D:1      | Reached XP level 2. HP: 27/27 MP: 1/1
   113 | D:1      | Reached skill level 4 in Shields
   547 | D:1      | Reached XP level 3. HP: 33/33 MP: 2/2
   782 | D:2      | Found a blossoming altar of Fedhas.
   785 | D:2      | Found a sparkling altar of Nemelex Xobeh.
   790 | D:2      | Found a glowing silver altar of Zin.
   945 | D:2      | Found a runed door.
  1006 | D:2      | Found a hazy altar of Hepliaklqana.
  1364 | D:2      | Reached XP level 4. HP: 41/41 MP: 3/3
  1435 | D:2      | Found a deep blue altar of Sif Muna.
  1548 | D:2      | Noticed Crazy Yiuf
  1559 | D:2      | Killed Crazy Yiuf
  1650 | D:3      | Noticed Grinder
  1654 | D:3      | Paralysed by Grinder for 3 turns
  1662 | D:3      | HP: 1/41 [Grinder/nerve-wracking pain (6)]
  1663 | D:3      | Paralysed by Grinder for 3 turns
  1672 | D:3      | Killed Grinder
  1672 | D:3      | Reached skill level 5 in Long Blades
  1672 | D:3      | Reached skill level 5 in Armour
  1672 | D:3      | Reached skill level 1 in Dodging
  1672 | D:3      | Reached XP level 5. HP: 2/47 MP: 4/4
  1672 | D:3      | Reached XP level 6. HP: 3/53 MP: 5/5
  1869 | D:3      | Found a glowing drain.
  1888 | D:3      | Reached skill level 5 in Fighting
  1933 | Sewer    | Entered a sewer
  1981 | Sewer    | Reached skill level 5 in Shields
  2239 | Sewer    | Reached XP level 7. HP: 61/61 MP: 6/6
  3877 | D:4      | Found an ornate altar of the Wu Jian Council.
  3894 | D:4      | Found a white marble altar of Elyvilon.
  3955 | D:4      | Found a staircase to the Ecumenical Temple.
  3962 | Temple   | Entered the Ecumenical Temple
  4115 | Temple   | Became a worshipper of Warmaster Okawaru
  4335 | D:5      | Entered Level 5 of the Dungeon
  4364 | D:5      | Reached XP level 8. HP: 59/70 MP: 7/7
  4376 | D:5      | Got an iridescent whip
  4377 | D:5      | Identified the +6 whip of the Equinox {elec, MR+ MP+9 Dex+2
                  | Stlth+} (You found it on level 5 of the Dungeon)
  4474 | D:5      | Reached skill level 6 in Shields
  4532 | D:5      | Noticed Sigmund
  4561 | D:5      | Killed Sigmund
  4616 | D:5      | Noticed Ijyb
  4627 | D:5      | Killed Ijyb
  5248 | D:6      | Reached skill level 7 in Shields
  5331 | D:6      | Found an opulent altar of Gozag.
  5368 | D:6      | Reached * piety under Okawaru
  5816 | D:6      | Found Toidan's Armour Shop.
  5932 | D:7      | Found a hide-covered altar of Uskayaw.
  6188 | D:7      | Reached XP level 9. HP: 73/77 MP: 8/8
  6228 | D:7      | Reached skill level 8 in Shields
  6268 | D:7      | Noticed Pikel
  6294 | D:7      | Killed Pikel
  6294 | D:7      | Reached ** piety under Okawaru
  6964 | D:8      | Reached skill level 9 in Shields
  6965 | D:8      | Noticed a polar bear
  6967 | D:8      | Noticed a polar bear
  6979 | D:7      | Killed a polar bear
  7175 | D:8      | Killed a polar bear
  7259 | D:8      | Reached skill level 10 in Long Blades
  7603 | D:8      | Reached XP level 10. HP: 71/86 MP: 9/9
  7660 | D:8      | Reached skill level 5 in Dodging
  7681 | D:8      | Reached *** piety under Okawaru
  7784 | D:8      | Found a staircase to the Lair.
  7784 | D:8      | Found a bloodstained altar of Trog.
  7784 | D:8      | Noticed a death yak
  7820 | D:8      | Killed a death yak
  7820 | D:8      | Reached skill level 10 in Shields
  7961 | D:8      | Noticed a death yak
  7974 | D:8      | Killed a death yak
  7976 | D:8      | Noticed a death yak
  7995 | D:8      | Killed a death yak
  7995 | D:8      | Reached **** piety under Okawaru
  8611 | D:9      | Reached XP level 11. HP: 94/95 MP: 10/10
  8814 | D:9      | Found Juvvobeg's Magic Scroll Shoppe.
  8827 | D:9      | Reached skill level 11 in Shields
  8847 | D:9      | Bought a scroll of identify for 30 gold pieces
  8853 | D:9      | Bought a scroll of identify for 30 gold pieces
  9290 | D:10     | Entered Level 10 of the Dungeon
  9390 | D:10     | Noticed Erica
  9407 | D:10     | Reached ***** piety under Okawaru
  9407 | D:10     | Received a gift from Okawaru
  9423 | D:10     | Killed Erica
  9494 | D:10     | Found a staircase to the Orcish Mines.
  9731 | D:10     | Found a roughly hewn altar of Beogh.
  9737 | D:10     | Reached skill level 1 in Stealth
  9962 | D:9      | Noticed a tengu reaver
  9963 | D:9      | Noticed a catoblepas
  9963 | D:9      | Noticed a fire giant
  9987 | D:9      | Killed a fire giant
  9987 | D:9      | Received a gift from Okawaru
 10003 | D:9      | Killed a tengu reaver
 10003 | D:9      | Reached skill level 12 in Shields
 10436 | D:10     | Found Cauhun's Jewellery Boutique.
 10534 | D:9      | Killed a catoblepas
 10612 | D:9      | Got a distressingly furry ring mail {god gift}
 11055 | Lair:1   | Entered Level 1 of the Lair of Beasts
 11061 | Lair:1   | Reached XP level 12. HP: 105/105 MP: 11/11
 11202 | Lair:1   | Identified the +5 ring mail of Generosity {*Drain rN+++
                  | MR++ Dex-3} (Okawaru gifted it to you on level 9 of the
                  | Dungeon)
 11379 | Lair:1   | Noticed a five-headed hydra
 11388 | Lair:1   | Killed a one-headed hydra
 12179 | Lair:2   | Reached skill level 10 in Fighting
 12247 | Lair:2   | Reached skill level 10 in Armour
 12539 | Lair:2   | Reached skill level 13 in Shields
 12861 | Lair:2   | Received a gift from Okawaru
 13626 | Lair:3   | Found a staircase to the Shoals.
 13724 | Lair:3   | Found a runed door.
 13726 | Lair:3   | Noticed Blejac999's ghost (journeyman HaHu)
 14304 | Lair:4   | Reached XP level 13. HP: 116/116 MP: 12/12
 14695 | Lair:4   | Found a hole to the Spider Nest.
 14790 | Lair:4   | Reached skill level 15 in Long Blades
 14795 | Lair:4   | Reached ****** piety under Okawaru
 15213 | Lair:5   | Reached skill level 14 in Shields
 15242 | Lair:5   | Received a gift from Okawaru
 15247 | Lair:5   | Got a crude double sword {god gift}
 15248 | Lair:5   | Identified the +3 double sword of Ibross {freeze, *Corrode
                  | rElec rPois Int+2} (Okawaru gifted it to you on level 5 of
                  | the Lair of Beasts)
 15253 | Lair:5   | Found a viscous altar of Jiyva.
 15253 | Lair:5   | Found a staircase to the Slime Pits.
 15814 | Lair:5   | Received a gift from Okawaru
 15817 | Lair:5   | Got a pair of scorched gloves {god gift}
 15828 | Lair:5   | Identified the +0 pair of gloves of Dice, Bag, and Bottle
                  | {rCorr} (Okawaru gifted it to you on level 5 of the Lair of
                  | Beasts)
 17440 | D:12     | Found a flickering gateway to a bazaar.
 17450 | Bazaar   | Entered a bazaar
 17450 | Bazaar   | Found Xukaraz's Gadget Boutique.
 17453 | Bazaar   | Found Valu's Gadget Boutique.
 17461 | Bazaar   | Found Malliry's Jewellery Emporium.
 17467 | Bazaar   | Found Kawnilel's Book Shop.
 17504 | Bazaar   | Found Memeylu's Antique Armour Shoppe.
 18215 | D:13     | Reached XP level 14. HP: 127/127 MP: 13/13
 18249 | D:13     | Found a gate to the Vaults.
 18269 | D:13     | Reached skill level 15 in Shields
 18898 | D:13     | Received a gift from Okawaru
 19707 | D:14     | Noticed Nessos
 19833 | D:14     | Killed Nessos
 19998 | D:14     | Found an ornate altar of the Wu Jian Council.
 20052 | D:14     | Noticed Roxanne
 20133 | D:14     | Found a sparkling altar of Nemelex Xobeh.
 20247 | D:14     | Received a gift from Okawaru
 21188 | D:14     | Killed Roxanne
 21188 | D:14     | Reached skill level 1 in Invocations
 21189 | D:14     | Identified Roxanne's Volume of Shape Shifting (You took it
                  | off Roxanne on level 14 of the Dungeon)
 21540 | Lair:6   | Entered Level 6 of the Lair of Beasts
 22137 | Lair:6   | Reached skill level 16 in Shields
 22441 | Lair:6   | Reached XP level 15. HP: 115/138 MP: 14/14
 22602 | Lair:6   | Received a gift from Okawaru
 22621 | Lair:6   | Found a shimmering altar of Xom.
 22621 | Lair:6   | Noticed Afenn's ghost (journeyman MfSk)
 22624 | Lair:6   | Found a runed door.
 23017 | Lair:6   | Killed Afenn's ghost
 23281 | Lair:6   | Noticed Urug
 23288 | Lair:6   | Killed Urug
 23288 | Lair:6   | Reached skill level 10 in Dodging
 23317 | Lair:6   | Received a gift from Okawaru
 23323 | Lair:6   | Got a pitted falchion {god gift}
 23325 | Lair:6   | Identified the +9 falchion of the Goat {slice, *Rage rN+++
                  | Str-2 Int+8} (Okawaru gifted it to you on level 6 of the
                  | Lair of Beasts)
 23899 | D:15     | Entered Level 15 of the Dungeon
 24016 | D:15     | Found Kick's Book Shop.
 24038 | D:15     | Found Kamef's Changing Room.
 24533 | D:15     | Reached skill level 17 in Shields
 24914 | D:15     | Received a gift from Okawaru
 24949 | D:15     | Found a staircase to the Depths.
 24983 | D:15     | Found Wyamog's Distillery.
 25005 | D:15     | Bought a potion of flight for 33 gold pieces
 25073 | D:15     | Found Puty's Jewellery Shoppe.
 25755 | Orc:1    | Entered Level 1 of the Orcish Mines
 25994 | Orc:1    | Noticed an orc warlord
 26048 | Orc:1    | Killed an orc warlord
 26221 | Orc:1    | Noticed an orc warlord
 26257 | D:10     | Reached skill level 15 in Fighting
 26439 | D:10     | Killed an orc warlord
 26439 | D:10     | Reached XP level 16. HP: 48/149 MP: 15/15
 26658 | Orc:1    | Identified Sif Muna's Grimoire of the Floating Entourage
 26809 | Orc:2    | Entered Level 2 of the Orcish Mines
 26817 | Orc:2    | Found a staircase to the Elven Halls.
 27030 | Orc:2    | Found a roughly hewn altar of Beogh.
 27051 | Orc:2    | Found Oghoffere's Assorted Antiques.
 27066 | Orc:2    | Bought a scroll of blinking for 240 gold pieces
 27066 | Orc:2    | Bought a scroll labeled UFYMUN BYRETH for 32 gold pieces
 27573 | Orc:2    | Found a roughly hewn altar of Beogh.
 27636 | Orc:2    | Paralysed by an orc sorcerer for 4 turns
 27802 | Orc:2    | Found Hagg's Antique Weapon Shop.
 27803 | Orc:2    | Found a roughly hewn altar of Beogh.
 27804 | Orc:2    | Found Tilaihau's Antique Armour Boutique.
 27921 | Orc:2    | Found a roughly hewn altar of Beogh.
 27923 | Orc:2    | Found Ywkaro Gait's General Store.
 28209 | Spider:1 | Entered Level 1 of the Spider Nest
 28266 | Spider:1 | Reached skill level 18 in Shields
 28525 | Spider:1 | Received a gift from Okawaru
 29397 | Shoals:1 | Entered Level 1 of the Shoals
 29754 | Shoals:1 | Noticed Frances
 29769 | Shoals:1 | Killed Frances
 30944 | Shoals:2 | Found Alainer's Jewellery Shoppe.
 30952 | Shoals:2 | Bought a cursed amulet of inaccuracy for 22 gold pieces
 30961 | Shoals:2 | Bought a cursed ring of teleportation for 49 gold pieces
 31011 | Shoals:2 | Reached skill level 19 in Shields
 31182 | Shoals:2 | Received a gift from Okawaru
 32058 | Spider:2 | Reached XP level 17. HP: 157/158 MP: 16/16
 34129 | Spider:3 | Noticed Azrael
 34333 | Spider:2 | Killed Azrael
 34857 | Spider:4 | Entered Level 4 of the Spider Nest
 35010 | Spider:4 | Noticed Arachne
 35056 | Spider:4 | Killed Arachne
 35063 | Spider:4 | Received a gift from Okawaru
 35064 | Spider:4 | Got a translucent longbow {god gift}
 35634 | Spider:4 | Reached skill level 20 in Shields
 35834 | Spider:4 | Received a gift from Okawaru
 35839 | Spider:4 | Noticed Asterion
 35895 | Spider:4 | Killed Asterion
 36263 | Spider:4 | Got a gossamer rune of Zot
 36561 | Lair:1   | Identified the +10 longbow "Leidgh" {velocity, rElec Int+4}
                  | (Okawaru gifted it to you on level 4 of the Spider Nest)
 37399 | Shoals:3 | Received a gift from Okawaru
 37437 | Shoals:3 | Noticed Polyphemus
 37466 | Shoals:3 | Killed Polyphemus
 37466 | Shoals:3 | Reached XP level 18. HP: 143/170 MP: 15/18
 37539 | Shoals:3 | Noticed Ilsuiw
 37611 | Shoals:3 | Killed Ilsuiw
 37950 | Shoals:4 | Entered Level 4 of the Shoals
 38166 | Shoals:4 | Identified a scroll of acquirement
 38184 | Shoals:4 | Found Lit Ong's Antique Armour Shoppe.
 38235 | Shoals:4 | Found Usoosat's General Store.
 38532 | Shoals:4 | Found Bidav's Gadget Shop.
 39104 | Shoals:4 | Got a barnacled rune of Zot
 39357 | Shoals:4 | Reached skill level 21 in Shields
 39394 | Shoals:4 | Found Gyjyivy's Jewellery Shoppe.
 39530 | Shoals:4 | Received a gift from Okawaru
 40414 | Elf:1    | Entered Level 1 of the Elven Halls
 40612 | Elf:1    | Noticed Donald
 40620 | Elf:1    | Killed Donald
 40690 | Elf:1    | Reached skill level 1 in Evocations
 40920 | Elf:1    | Received a gift from Okawaru
 41088 | Elf:1    | Reached skill level 15 in Armour
 41805 | Elf:3    | Entered Level 3 of the Elven Halls
 42082 | Elf:2    | Found a huge runed gate.
 42082 | Elf:2    | Found a huge runed gate.
 42082 | Elf:2    | Found a huge runed gate.
 42082 | Elf:2    | Found a huge runed gate.
 42082 | Elf:2    | Found a huge runed gate.
 43214 | Elf:2    | Cast into level 4 of the Abyss (halberd of distortion)
 43236 | Abyss:4  | Reached XP level 19. HP: 83/179 MP: 19/19
 43241 | Abyss:4  | Found a corrupted altar of Lugonu.
 43245 | Elf:2    | Escaped the Abyss
 44300 | Elf:3    | Received a gift from Okawaru
 44310 | Elf:3    | Found Roligh's Food Boutique.
 44452 | Elf:3    | Found a runed door.
 44472 | Elf:3    | Reached skill level 22 in Shields
 45384 | Elf:3    | Received a gift from Okawaru
 46670 | Elf:3    | Received a gift from Okawaru
 46703 | Elf:3    | HP: 7/182 [deep elf annihilator/bolt of lightning (12)]
 47259 | Elf:3    | HP: 7/182 [deep elf high priest/a malign offering (24)]
 47268 | Elf:3    | Killed from afar by a deep elf sorcerer

Skill      XL: |  1  2  3  4  5  6  7  8  9 10 11 12 13 14 15 16 17 18 19 |
---------------+----------------------------------------------------------+-----
Shields        | 4 5 7 9 10 12 13 14 16 17 19 20 21 22 | 22.6
Armour         | 4 5 6 7 8 9 10 11 12 14 15 16 | 16.2
Fighting       | 4 5 6 7 8 9 11 12 14 15 16 17 18 19 | 19.1
Long Blades    | 3 5 7 8 10 12 13 14 16 17 18 19 20 | 20.4
Dodging        | 1 2 3 4 5 6 7 8 9 10 11 | 11.5
Stealth        | 1 2 3 |  3.0
Invocations    | 1 |  1.6
Evocations     | 1 |  1.3

Action                   |  1- 3 |  4- 6 |  7- 9 | 10-12 | 13-15 | 16-18 | 19-21 || total
-------------------------+-------+-------+-------+-------+-------+-------+-------++-------
Melee: Long sword        |    84 |   168 |   393 |       |       |       |       ||   645
       Headbutt          |    11 |    21 |    84 |   159 |   336 |   477 |    82 ||  1170
       Scimitar          |       |       |       |   711 |   290 |       |       ||  1001
       Double sword      |       |       |       |       |  1107 |  1998 |   427 ||  3532
Invok: Heroism           |       |       |     1 |     4 |     5 |     7 |       ||    17
Evoke: Wand              |       |       |     2 |       |     5 |     3 |       ||    10
  Use: Scroll            |       |     8 |     5 |     6 |     4 |    17 |     9 ||    49
       Potion            |       |     1 |       |     2 |     2 |     8 |     3 ||    16
  Eat: Chunk             |     1 |     4 |    14 |    19 |    33 |    59 |    13 ||   143
       Ration            |       |       |     1 |     1 |     2 |     3 |       ||     7
Armor: Scale mail        |    42 |    73 |   162 |   232 |   337 |   179 |       ||  1025
       Gold dragon scale |       |       |       |       |       |   987 |   149 ||  1136
Dodge: Dodged            |    25 |    70 |   133 |   223 |   535 |   828 |    88 ||  1902
Block: Shield            |    54 |    99 |   242 |   485 |   950 |  1928 |   269 ||  4027
       Rpst.: Long sword |     5 |    11 |    27 |       |       |       |       ||    43
       Scimitar          |       |       |       |    53 |    20 |       |       ||    73
       Double sword      |       |       |       |       |   100 |   136 |    23 ||   259
